 Dungeon Crawl Stone Soup version 0.21-a0-28-g9a7844a (webtiles) character file.

348 Chiseanne the Vexing (level 6, -9/62 HPs)
             Began as an Ogre Arcane Marksman on May 26, 2017.
             Mangled by an ogre
             ... wielding a +0 giant club
              (32 damage)
             ... on level 3 of the Dungeon.
             The game lasted 00:08:55 (4547 turns).

Chiseanne the Vexing (Ogre Arcane Marksman)         Turns: 4547, Time: 00:08:56

Health: -9/62      AC:  4    Str: 15    XL:     6   Next: 60%
Magic:  6/10       EV: 10    Int: 14    God:
Gold:   142        SH:  0    Dex: 11    Spells: 5/11 levels left

rFire    . . .     SeeInvis .   a - +2 long sword (slice)
rCold    . . .     Gourm    .   (no shield)
rNeg     + . .     Faith    .   s - +0 robe
rPois    .         Spirit   .   (helmet restricted)
rElec    .         Reflect  .   o - +0 cloak
rCorr    .         Harm     .   (gloves unavailable)
MR       .....                  (boots unavailable)
Stlth    +.........             (no amulet)
Regen    0.2/turn               g - ring of positive energy
MPRegen  0.2/turn               j - ring of wizardry

@: lethally poisoned (-9 -> -12)
A: unfitting armour, tough skin 1
a: no special abilities


You were on level 3 of the Dungeon.
You were not hungry.

You visited 1 branch of the dungeon, and saw 3 of its levels.

You collected 142 gold pieces.

Inventory:

Hand Weapons
 a - a +2 long sword of slicing (weapon)
Missiles
 c - 4 large rocks (quivered)
 d - 2 throwing nets
 h - 72 stones
 i - 20 sling bullets
 l - 16 poisoned needles
Armour
 o - a +0 cloak (worn)
 s - a +0 robe (worn)
Jewellery
 g - a ring of positive energy (left hand)
 j - a ring of wizardry (right hand)
Scrolls
 e - 2 scrolls of fear
 k - 2 scrolls of remove curse
 r - a scroll of recharging
Potions
 m - 2 potions of magic {unknown}
Books
 b - a book of Debilitation

   Spells                             Type                      Level
   a - Corona                         Hexes                        1
   b - Slow                           Hexes                        2
   c - Inner Flame                    Hexes/Fire                   3
   d - Portal Projectile              Hexes/Translocation          3
   e - Cause Fear                     Hexes                        4
   f - Leda's Liquefaction            Hexes/Earth                  4
Comestibles
 f - 3 bread rations
 n - 5 fruits
 p - a royal jelly
 q - 2 chunks of flesh


   Skills:
 * Level 3.9 Fighting
 * Level 3.1 Throwing
 * Level 3.1 Dodging
 * Level 3.2 Spellcasting
 * Level 4.0 Hexes


You had 5 spell levels left.
You knew the following spells:

 Your Spells              Type           Power        Failure   Level  Hunger
a - Corona                Hex            ##.....      1%          1    #......
b - Slow                  Hex            ##......     2%          2    ##.....
c - Inner Flame           Hex/Fire       #.......     11%         3    ###....


Dungeon Overview and Level Annotations

Branches:
Dungeon (3/15)

Altars:
Yredelemnul
The Shining One


Innate Abilities, Weirdness & Mutations

You are too large for most types of armour.
You have tough skin. (AC +1)


Message History

You slash the rat!
You kill the rat!
You feel sick.
You slash the orc!
You kill the orc!
You feel sick. The orc hits you with a mace!
You hit the orc.
The orc is moderately wounded.
You feel sick. The orc barely misses you.
You hit the orc.
You kill the orc!
You feel sick.
Casting: Slow
Confirm with . or Enter, or press ? or * to list all spells.
Aiming: Slow
Press: ? - help, Shift-Dir - straight line, f - ogre
Aim: an ogre, wielding a giant club (chance to defeat MR: 50%)
The ogre seems to slow down.
The ogre hits you with a giant club!!
Ouch! That really hurt!
You die...

...........#..............## #).#
.........##....#.#........####.##
..............##...........#...#
............#......#.#.###.#.###
..............#...[#.#..##.[..#
..)..................##.###.#..#
........................###.##.<#
............s.##O#.###...<.)# #.#
...........O####@#.# ##.#......)#
..#.#.....o.# #.#.# #...##.....
#..........s# #.#.# #...# ###..
##..#.......## #.#.# #..#.# .
#.##..ro....###...##..##.#
##....#...............# #.#
.....##r...#...>.###.. ..#
........####..##.# .......##
......


You could see an ogre.

Vanquished Creatures
  A sky beast (D:2)
  A phantom (D:3)
  A hound (D:3)
  6 adders
  2 oozes
  2 worms
  2 leopard geckos
  4 orcs (D:3)
  8 bats
  5 giant cockroaches
  8 goblins
  11 hobgoblins
  4 jackals (D:1)
  2 quokkas (D:2)
  3 frilled lizards
  8 kobolds
  8 rats
76 creatures vanquished.

Notes
Turn   | Place    | Note
-------+----------+-------------------------------------------
     0 | D:1      | Chiseanne the Ogre Arcane Marksman began the quest for the Orb.
     0 | D:1      | Reached XP level 1. HP: 19/19 MP: 2/2
   343 | D:1      | HP: 1/20 [hobgoblin/club (5)]
   345 | D:1      | Reached XP level 2. HP: 2/28 MP: 4/4
  1221 | D:1      | Reached skill level 3 in Hexes
  1230 | D:1      | Reached XP level 3. HP: 24/35 MP: 5/5
  1767 | D:1      | Learned a level 2 spell: Slow
  2037 | D:2      | Learned a level 3 spell: Inner Flame
  2397 | D:2      | Reached XP level 4. HP: 44/44 MP: 5/7
  2756 | D:2      | Found a basalt altar of Yredelemnul.
  2771 | D:2      | Found a glowing golden altar of the Shining One.
  2970 | D:2      | Noticed a sky beast
  2991 | D:2      | Killed a sky beast
  2991 | D:2      | Reached XP level 5. HP: 6/53 MP: 6/8
  4244 | D:3      | Noticed a phantom
  4400 | D:3      | Killed a phantom
  4400 | D:3      | Reached XP level 6. HP: 61/62 MP: 10/10
  4542 | D:3      | Reached skill level 4 in Hexes
  4547 | D:3      | Mangled by an ogre

Vault maps used:
D:1:      nicolae_arrival_washed_ashore, minmay_misc_feat_columns,
          hangedman_abyss_or_decor_stabs
D:2:      grunt_temple_overflow_holy_war

Skill      XL: |  1  2  3  4  5  6 |
---------------+-------------------+-----
Fighting       | 2 3 |  3.9
Hexes          | 3 4 |  4.0
Dodging        | 2 3 |  3.1
Spellcasting   | 2 3 |  3.2
Throwing       | 3 |  3.1

Action                   |  1- 3 |  4- 6 || total
-------------------------+-------+-------++-------
Melee: Unarmed           |     9 |       ||     9
       Short sword       |   144 |     7 ||   151
       Dagger            |     3 |       ||     3
       Spear             |       |   112 ||   112
       Mace              |       |    64 ||    64
       Long sword        |       |    11 ||    11
Throw: Large rock        |     5 |     8 ||    13
 Cast: Corona            |    10 |    45 ||    55
       Slow              |       |    14 ||    14
  Use: Scroll            |     7 |     1 ||     8
  Eat: Chunk             |     5 |     9 ||    14
Armor: Robe              |    44 |    55 ||    99
Dodge: Dodged            |    92 |   133 ||   225
       Rpst.: Long sword |       |     7 ||     7
